[Event "*** Biggest EVER Titled Tuesday"]
[Site "Chess.com"]
[Date "2018.04.17"]
[Round "1"]
[White "Princec7"]
[Black "Andreikka"]
[Result "0-1"]
[WhiteElo "2414"]
[BlackElo "2803"]
[TimeControl "180+2"]
[EndTime "13:07:52 PDT"]
[Termination "Andreikka won by resignation"]

1. e4 c6 2. d4 d5 3. exd5 cxd5 4.
c4 Nf6 5. Nc3 Nc6 6. Nf3 Bg4 7.
cxd5 Nxd5 8. Qb3 Bxf3 9. gxf3 Nb6 10. d5 Nd4 11. Qd1 e5 12. dxe6 Qf6 13. Bg2 Nxe6 14.
O-O Be7 15. Ne4 Qe5 16. Re1 Rd8 17. Bd2 O-O 18. Bc3 Qh5 19. Qc1 Nd5 20. Ng3 Qg6 21. Be5 Rc8 22. Qd1 Rfd8 23. Qa4 Nc5 24. Qg4 Nd3 25. Re2 Bf6 26. Bxf6 Nxf6 27. Qxg6 hxg6 28. Rd2 Nf4 29. Rxd8+ Rxd8 30. Ne4 Nxe4 31. fxe4 Rd2 32. b3 Nd3 33. f3 g5 34. Bf1 Ne5 35. Bg2 f6 36. a4 Rb2 37. Rc1 Rxb3 38. Kf2 Nd3+ 0-1

[Event "*** Biggest EVER Titled Tuesday"]
[Site "Chess.com"]
[Date "2018.04.17"]
[Round "1"]
[White "Korchmar_Vasiliy"]
[Black "MFBerna"]
[Result "1-0"]
[WhiteElo "2664"]
[BlackElo "2350"]
[TimeControl "180+2"]
[EndTime "13:07:53 PDT"]
[Termination "Korchmar_Vasiliy won by resignation"]

1. d4 d5 2. Nf3 Nf6 3. Bf4 g6 4. e3 Bg7 5. Be2 O-O 6. O-O c6 7. Nbd2 Bg4 8. h3 Bxf3 9. Nxf3 Re8 10. c4 Nbd7 11. b4 dxc4 12. Bxc4 Nb6 13. Bb3 Nbd5 14. Bg3 Nxb4 15. Ne5 e6 16. Bh4 Qc7 17. Qf3 Nfd5 18. e4 f6 19. exd5 fxe5 20. dxe6 Nd5 21. Bxd5 cxd5 22. Qxd5 Qc6 23. Qxc6 bxc6 24. e7 exd4 25.
Rac1 Rac8 26. Rc5 Kf7 27. Rfc1 Bf6 28. Bxf6 Kxf6 29. Rd1 Rxe7 30. Rxd4 h5 31. f4 Re2 32.
Rd6+ Kg7 33. Rg5 Rxa2 34. Rgxg6+ Kf7 35. f5 Rb8 36. Rd7+ Kf8 37. f6 Rb1+ 38. Kh2 Rf1 39. Rh6 1-0

[Event "*** Biggest EVER Titled Tuesday"]
[Site "Chess.com"]
[Date "2018.04.17"]
[Round "1"]
[White "guillembaches"]
[Black "AvitalBor"]
[Result "0-1"]
[WhiteElo "2244"]
[BlackElo "2586"]
[TimeControl "180+2"]
[EndTime "13:07:54 PDT"]
[Termination "AvitalBor won on time"]

1. d4 Nf6 2. Bf4 e6 3. e3 c5 4.
c3 Nc6 5. Nd2 Be7 6. Ngf3 d5 7.
h3 O-O 8. Bd3 c4 9. Bc2 b5 10.
O-O b4 11. Ne5 Bb7 12. e4 bxc3 13. bxc3 Nxe5 14. Bxe5 Nxe4 15. Nxe4 dxe4 16. Re1 f6 17. Bh2 f5 18. Rb1 Bd5 19. Qe2 Bd6 20. Be5 Bxe5 21.
dxe5 Rb8 22. Qe3 Qa5 23. a4 h6 24. Rb5 Rxb5 25. axb5 Rb8 26. g4 Rxb5 27. g5 hxg5 28. Qxg5 Qc7 29. Re3 Rb8 30. Rg3 Qxe5 31. h4 Rf8 32. h5 Qf6 33. Qd2 f4 34. Rg6 e3 35. Qe1 Qh4 0-1

[Event "*** Biggest EVER Titled Tuesday"]
[Site "Chess.com"]
[Date "2018.04.17"]
[Round "1"]
[White "Illingworth"]
[Black "Cryptochess"]
[Result "0-1"]
[WhiteElo "2730"]
[BlackElo "2406"]
[TimeControl "180+2"]
[EndTime "13:07:55 PDT"]
[Termination "Cryptochess won by resignation"]

1. d4 Nf6 2. c4 e6 3. g3 Bb4+ 4. Nd2 O-O 5. Bg2 Nc6 6. Nf3 d6 7. O-O e5 8. d5 Nb8 9. Nb3 Nbd7 10. a3 Bc5 11. Nxc5 Nxc5 12. b4 Ncd7 13. Bb2 a5 14. Qc2 Qe7 15. Nh4 g6 16. e4 c6 17. Rac1 axb4 18.
axb4 c5 19. b5 Nb6 20. Rfe1 Ra4 21. Bf1 Bd7 22. Ng2 Rfa8 23. f4 Bh3 24. fxe5 dxe5 25. Ne3 Bxf1 26. Rxf1 Ne8 27. Qd3 Nd6 28. Rc2 Qg5 29.
Bc1 Ra1 30. Rcf2 h5 31. Qe2 Nxe4 32. Nf5 Rxc1 33. Qxe4 Rxf1+ 34. Rxf1 gxf5 35. Rxf5 Ra1+ 36. Kg2 Ra2+ 37. Kg1 Qc1+ 38. Rf1 Qd2 0-1

[Event "*** Biggest EVER Titled Tuesday"]
[Site "Chess.com"]
[Date "2018.04.17"]
[Round "1"]
[White "kirillshevchenko"]
[Black "GMKrikor"]
[Result "0-1"]
[WhiteElo "2276"]
[BlackElo "2608"]
[TimeControl "180+2"]
[EndTime "13:07:58 PDT"]
[Termination "GMKrikor won by resignation"]

1. e4 e5 2. Nf3 Nc6 3. Bb5 Nf6 4. O-O Nxe4 5. Re1 Nd6 6. Nxe5 Be7 7. Bf1 Nxe5 8.
Rxe5 O-O 9. d4 Bf6 10. Re2 Nf5 11. d5 d6 12. Nd2 h6 13. Ne4 Be5 14. c3 Bd7 15.
Re1 Re8 16. Qd3 g6 17. g3 Bg7 18. Bd2 a6 19. f4 Bb5 20. Qf3 Bxf1 21. Kxf1 Qd7 22.
Re2 Qb5 23. b3 Kh8 24. c4 Qd7 25. Bc3 Nd4 26. Bxd4 Bxd4 27. Rae1 c5 28. Qd3 Qh3+ 29. Rg2 Re7 30. Qf3 Rae8 31. f5 Qxf5 32. Qxf5 gxf5 0-1

[Event "*** Biggest EVER Titled Tuesday"]
[Site "Chess.com"]
[Date "2018.04.17"]
[Round "1"]
[White "Shant_Sargsyan"]
[Black "TheLancer"]
[Result "1-0"]
[WhiteElo "2808"]
[BlackElo "2416"]
[TimeControl "180+2"]
[EndTime "13:08:00 PDT"]
[Termination "Shant_Sargsyan won by resignation"]

1. d4 Nf6 2. Nf3 e6 3. c4 Bb4+ 4.
Bd2 Qe7 5. g3 Nc6 6. Nc3 Bxc3 7. Bxc3 Ne4 8. Qc2 Nxc3 9. Qxc3 O-O 10.
Bg2 d6 11. O-O e5 12. d5 Nb8 13. c5 Bg4 14. Rac1 Na6 15. b4 h6 16. e4 Bxf3 17.
Bxf3 b6 18. cxd6 cxd6 19. Bg4 g6 20. a3 f5 21. Bh3 Kg7 22. Qd3 Nc7 23. exf5 gxf5 24.
Bxf5 Ne8 25. Be6 Nc7 26. Bf5 Qf7 27. Be4 Ne8 28. f4 Qe7 29. Bf5 Nf6 30. Be6 Kh8 31. fxe5 dxe5 32. Qe3 Nh7 33. Qxe5+ Qg7 34. Qxg7+ Kxg7 35. Rc7+ Kg6 36. Rxf8 Nxf8 37. Bc8 Kf6 38. d6 Ng6 39. d7 Ke7 40. Rc6 Nf8 41. Rxh6 a5 42. b5 Ra7 43. Rxb6 Nxd7 44. Bxd7 Kxd7 45. Ra6 1-0

[Event "*** Biggest EVER Titled Tuesday"]
[Site "Chess.com"]
[Date "2018.04.17"]
[Round "1"]
[White "GianmarcoVaR"]
[Black "Pudor"]
[Result "1-0"]
[WhiteElo "2554"]
[BlackElo "2211"]
[TimeControl "180+2"]
[EndTime "13:08:09 PDT"]
[Termination "GianmarcoVaR won by resignation"]

1. d4 Nf6 2. Nf3 g6 3. c4 Bg7 4. g3 O-O 5. Bg2 d6 6. O-O Nbd7 7. Nc3 e5 8. e4 exd4 9. Nxd4 Re8 10. h3 Nc5 11. Re1 a5 12. b3 Bd7 13. Bf4 Nh5 14. Be3 c6 15. Qc2 Qe7 16. Rad1 Nf6 17. Bf4 Nh5 18. Bc1 f5 19. Re2 f4 20. g4 Bxd4 21. Rxd4 Ne6 22. Rd1 f3 23. Bxf3 Nhf4 24. Bg2 Qh4 25.
Bxf4 Nxf4 26. Re3 Re6 27. Ne2 Nxg2 28. Kxg2 h5 29. Rg3 Rf8 30. Rdd3 Ref6 31. f3 hxg4 32. hxg4 Qg5 33. f4 Rxf4 34. Nxf4 Rxf4 35. Qd2 Qe5 36. Rxd6 Bxg4 37. Rxg6+ 1-0

[Event "*** Biggest EVER Titled Tuesday"]
[Site "Chess.com"]
[Date "2018.04.17"]
[Round "1"]
[White "NIGWAPO"]
[Black "wadsy27"]
[Result "1/2-1/2"]
[WhiteElo "2502"]
[BlackElo "2148"]
[TimeControl "180+2"]
[EndTime "13:08:10 PDT"]
[Termination "Game drawn by agreement"]

1. Nf3 d5 2. c4 c6 3. g3 Nf6 4. Bg2 dxc4 5. Qc2 Qd5 6. Nc3 Qh5 7. O-O Bh3 8. Ne4 Bxg2 9. Nxf6+ exf6 10. Kxg2 Qd5 11. e4 Qd3 12. Qxd3 cxd3 13. Ne1 Na6 14. Nxd3 O-O-O 15. Nf4 Nc5 16. Re1 Bd6 17. d4 Bxf4 18. dxc5 Be5 19. Re2 Rd3 20. Be3 Rhd8 21. Rc1 Bd4 22. Bf4 a5 23. b3 Rc3 24. Rxc3 Bxc3 25.
Be3 Bd4 26. Kf3 Bxe3 27. Kxe3 Rd1 28. Rd2 Rc1 29. Kd4 Kd7 30. f4 Ke7 31. Rb2 Rd1+ 32.
Kc3 Rc1+ 33. Rc2 Re1 34. Kd3 Ke6 35. Rd2 f5 36. exf5+ Kxf5 37. a3 Rc1 38. Kd4 Re1 39.
Kd3 Kg4 40. b4 a4 41. Kc2 Re3 42. Kb2 Re7 43. Kc3 Kh3 44. b5 Re3+ 45. Kb4 Rb3+ 46. Kxa4 Rxb5 47. Rd7 Kxh2 48. Rxf7 Kxg3 49. Rxg7+ Kxf4 50.
Rxh7 Ke4 51. Rh4+ Kd5 52. Rh5+ Kc4 53. Rh4+ Kxc5 54. Rh5+ Kb6 55. Rxb5+ cxb5+ 56. Kb4 Ka6 57. a4 bxa4 58. Kxa4 Kb6 59. Kb4 1/2-1/2

[Event "*** Biggest EVER Titled Tuesday"]
[Site "Chess.com"]
[Date "2018.04.17"]
[Round "1"]
[White "LawrenceTrent"]
[Black "2165149677570"]
[Result "1-0"]
[WhiteElo "2503"]
[BlackElo "2130"]
[TimeControl "180+2"]
[EndTime "13:08:10 PDT"]
[Termination "LawrenceTrent won by resignation"]

1. e4 c5 2. Nf3 d6 3. Bb5+ Nc6 4. O-O Bd7 5. Re1 Nf6 6. c3 a6 7. Bc4 b5 8. Bf1 Bg4 9. a4 b4 10. d4 cxd4 11. cxd4 Bxf3 12. gxf3 d5 13. e5 Nd7 14. e6 Nf6 15. Bh3 fxe6 16. Bxe6 Qb6 17. Be3 Na5 18. Bh3 g6 19. Nd2 Bg7 20. Rc1 O-O 21. Bf4 Kh8 22. Bc7 Qxd4 23. Bxa5 Qh4 24. Bg2 Nh5 25. Nf1 Bxb2 26.
Rc2 Bc3 27. Rxc3 bxc3 28. Bxc3+ Nf6 29. Rxe7 Rae8 30. Rxe8 Rxe8 31. Qd4 Qxd4 32. Bxd4 Kg7 33. Ne3 Kf7 34. f4 Rb8 35. Bf3 Ne4 36. Nxd5 Nd2 37. Bh1 Rb1+ 38. Kg2 Nc4 39. Ne3 Nxe3+ 40. fxe3 Rb4 41.
a5 Ke6 42. Kg3 Kf5 43. Bb6 Rb3 44. Bb7 g5 45. fxg5 Kxg5 46. Bxa6 h5 47. h4+ Kf5 48.
Bc8+ Ke4 49. Bd4 Rb8 50. Bd7 Rg8+ 51. Kf2 Ra8 52. Bc6+ 1-0

[Event "*** Biggest EVER Titled Tuesday"]
[Site "Chess.com"]
[Date "2018.04.17"]
[Round "1"]
[White "Matibar"]
[Black "HovmoellerHest"]
[Result "1-0"]
[WhiteElo "2597"]
[BlackElo "2242"]
[TimeControl "180+2"]
[EndTime "13:08:11 PDT"]
[Termination "Matibar won by resignation"]

1. d4 Nf6 2. Nf3 e6 3. Bg5 d5 4. e3 Be7 5. Bd3 O-O 6. Nbd2 c5 7.
c3 Nc6 8. O-O h6 9. Bxf6 Bxf6 10.
dxc5 Qe7 11. e4 Rd8 12. Qe2 Qxc5 13. e5 Be7 14. Nb3 Qb6 15. Bc2 Na5 16. Nxa5 Qxa5 17. Nd4 Bd7 18. Kh1 b5 19. a3 Qb6 20. f4 Bc5 21. f5 Bxd4 22. cxd4 Qxd4 23. f6 g6 24. Bd3 Rac8 25. Rad1 Qh4 26. Rf3 d4 27. Rh3 Qg5 28. Rg3 Qh4 29. Re1 Bc6 30. Kg1 Rd5 31. Qf2 Kh8 32.
Re4 Rc5 33. Rxh4 1-0

[Event "*** Biggest EVER Titled Tuesday"]
[Site "Chess.com"]
[Date "2018.04.17"]
[Round "1"]
[White "Nutflush"]
[Black "carlesdc96"]
[Result "0-1"]
[WhiteElo "2035"]
[BlackElo "2460"]
[TimeControl "180+2"]
[EndTime "13:08:14 PDT"]
[Termination "carlesdc96 won by resignation"]

1. e4 e6 2. d4 d5 3. Nd2 c5 4. exd5 Qxd5 5. Ngf3 cxd4 6. Bc4 Qd6 7. O-O Nf6 8. Nb3 Nc6 9. Nbxd4 Nxd4 10. Nxd4 Be7 11.
c3 O-O 12. Qe2 Bd7 13. Rd1 Qc7 14. Bd3 h6 15. Nf5 exf5 16. Qxe7 Rfe8 17. Qb4 Ne4 18. f3 a5 19. Qc4 Qb6+ 20. Qd4 Qxd4+ 21. cxd4 Nf6 22.
Bf4 Nd5 23. Be5 Rac8 24. Rac1 Nb4 25. Bb1 Be6 26. a3 Nd5 27. Bd3 f6 28. Bg3 f4 29.
Bf2 Bf7 30. Be4 b6 31. Bf5 Rxc1 32. Rxc1 g6 33. Be4 f5 34. Bxd5 Bxd5 35. Kf1 Kf7 36.
Rc7+ Kf6 37. Rh7 Bc4+ 38. Kg1 Re2 39. Rc7 b5 40. Rc6+ Kf7 41. Rc7+ Ke8 42. g3 fxg3 43. hxg3 Rxb2 44. Rc6 Bf7 45. Ra6 b4 46. Rxa5 b3 47.
Rb5 Rd2 48. Rb7 Bd5 49. Kg2 Bxb7 0-1

[Event "*** Biggest EVER Titled Tuesday"]
[Site "Chess.com"]
[Date "2018.04.17"]
[Round "1"]
[White "Blitzking4444"]
[Black "robbykevlishvili"]
[Result "0-1"]
[WhiteElo "1952"]
[BlackElo "2448"]
[TimeControl "180+2"]
[EndTime "13:08:14 PDT"]
[Termination "robbykevlishvili won on time"]

1. e4 c5 2. Nf3 d6 3. d4 cxd4 4.
Nxd4 Nf6 5. Nc3 a6 6. Be2 e5 7.
Nb3 Be7 8. Bg5 Be6 9. Bxf6 Bxf6 10.
Qd3 Nc6 11. O-O-O Qb6 12. Qxd6 Be7 13. Qd2 Qxf2 14. Rhf1 Qh4 15. Kb1 O-O 16. Nd5 Bg5 17. Qd3 Rad8 18. g3 Qxh2 19. c3 Qh6 20. Rh1 Qg6 21.
Bh5 Qh6 22. Bg4 Bxg4 23. Rxh6 Bxh6 24. Rh1 Bg5 25. Nc5 b6 26. Nxa6 Be6 27. Qf3 h6 28. Ne3 Ra8 29. Nb4 Nxb4 30. cxb4 Bxa2+ 31. Kc2 Rac8+ 32. Kd3 Rfd8+ 33. Ke2 Rd4 34. Rd1 Rxb4 35. Nd5 Rxb2+ 36. Kf1 Bb3 37. Re1 Rcc2 0-1

[Event "*** Biggest EVER Titled Tuesday"]
[Site "Chess.com"]
[Date "2018.04.17"]
[Round "1"]
[White "LuckyTiger"]
[Black "metra93"]
[Result "1-0"]
[WhiteElo "2635"]
[BlackElo "2305"]
[TimeControl "180+2"]
[EndTime "13:08:15 PDT"]
[Termination "LuckyTiger won by resignation"]

1. e4 e6 2. d4 d5 3. Nc3 Bb4 4.
Bd3 dxe4 5. Bxe4 Nf6 6. Bf3 c5 7. Ne2 Nc6 8. a3 Bxc3+ 9. bxc3 O-O 10. O-O c4 11. Bxc6 bxc6 12. Bg5 Qd6 13. Ng3 Nd5 14. Ne4 Qc7 15. Qf3 f6 16. Bh4 Qf4 17. Qxf4 Nxf4 18. Rfe1 Nd5 19. Rab1 h6 20. f3 f5 21. Nc5 Nxc3 22. Rb4 Nb5 23. Bf2 Nxa3 24. Re2 Kf7 25.
Ra4 Nb5 26. Rxc4 a5 27. Be1 Rd8 28. c3 Rd6 29. Ra4 Nc7 30. Bg3 e5 31. Bxe5 Re6 32.
Nxe6 Nxe6 33. Rea2 Ra7 34. Rxa5 Rb7 35. Ra7 f4 36.
Rxb7+ Bxb7 37. Ra7 1-0

[Event "*** Biggest EVER Titled Tuesday"]
[Site "Chess.com"]
[Date "2018.04.17"]
[Round "1"]
[White "albi1999"]
[Black "FastChance"]
[Result "1-0"]
[WhiteElo "2391"]
[BlackElo "2691"]
[TimeControl "180+2"]
[EndTime "13:08:16 PDT"]
[Termination "albi1999 won by checkmate"]

1. d4 e6 2. c4 Nf6 3. Nf3 Bb4+ 4. Bd2 Bxd2+ 5. Qxd2 O-O 6. g3 d5 7. Bg2 Nbd7 8. O-O dxc4 9. Na3 Nb6 10. Rac1 Ne4 11. Qc2 Nd6 12. Ne5 f6 13. Nexc4 Ndxc4 14. Nxc4 Qxd4 15.
Nxb6 Qxb6 16. Qxc7 Qxb2 17. Rc2 Qb4 18. Rfc1 e5 19.
Rc4 Qb6 20. Qe7 Qe6 21. Rc7 Qxe7 22. Rxe7 Rd8 23. h3 Bf5 24. Rcc7 Rd2 25. Rxg7+ Kh8 26. g4 Bg6 27. Rxb7 Rxa2 28. h4 Rxe2 29. h5 Bc2 30.
Rbc7 Rd8 31. h6 a5 32. Rc6 a4 33. Rxf6 Bd3 34. Ra7 Bb5 35. Ra5 Be8 36. Rf8# 1-0

[Event "*** Biggest EVER Titled Tuesday"]
[Site "Chess.com"]
[Date "2018.04.17"]
[Round "1"]
[White "ChadBiryani"]
[Black "Ellaijio_B"]
[Result "1-0"]
[WhiteElo "2239"]
[BlackElo "2544"]
[TimeControl "180+2"]
[EndTime "13:08:16 PDT"]
[Termination "ChadBiryani won by checkmate"]

1. d4 Nf6 2. Bf4 g6 3. e3 Bg7 4. Nf3 d6 5. c3 O-O 6. Nbd2 b6 7. h3 Bb7 8. Be2 Nbd7 9. O-O e5 10. dxe5 dxe5 11. Nxe5 Nxe5 12. Bxe5 Qe7 13. Bh2 Rad8 14. Qc2 Ne4 15. Nf3 Rfe8 16. Rad1 Bh6 17. Rxd8 Rxd8 18. Rd1 Re8 19. Bb5 c6 20. Bc4 b5 21. Bd3 Nc5 22. Be2 a6 23. Bd6 Qe6 24. Bxc5 Qxa2 25.
Qd2 Bc8 26. b4 Qb3 27. Nd4 Qd5 28. Bf3 Qg5 29. Kh1 Rd8 30. Qe2 Qf6 31. Nxc6 Re8 32. Bd4 Qe6 33. Bc5 Bg5 34. Rd6 Qb3 35. Qd2 Qb1+ 36.
Kh2 Kg7 37. Bd4+ Kh6 38. Bf6 Bxf6 39. Rxf6 Be6 40. Qd4 Qa2 41. Rf4 g5 42. Qf6# 1-0

[Event "*** Biggest EVER Titled Tuesday"]
[Site "Chess.com"]
[Date "2018.04.17"]
[Round "1"]
[White "rekosheten"]
[Black "TigranLPetrosyan"]
[Result "0-1"]
[WhiteElo "2330"]
[BlackElo "2652"]
[TimeControl "180+2"]
[EndTime "13:08:18 PDT"]
[Termination "TigranLPetrosyan won by resignation"]

1. e4 d6 2. d4 g6 3. Nc3 Bg7 4. Be3 a6 5. h4 h6 6. h5 g5 7.
f4 gxf4 8. Bxf4 Nc6 9. Be3 Nf6 10. Be2 e5 11. d5 Nd4 12. Nf3 Nxe2 13. Qxe2 Bg4 14.
Qd2 Nxh5 15. O-O-O Qe7 16. Rdf1 Ng3 17. Qf2 Nxf1 18.
Qxf1 Bxf3 19. Qxf3 Qf6 20. Qh3 Qg6 21. Kb1 h5 22. Rf1 Qg4 23. Qh1 Bh6 24. Bf2 O-O-O 25. Bh4 Rdf8 26. Be7 Re8 27. Rxf7 Kb8 28. Qf1 Bf4 29.
g3 Qg6 30. Rf6 Qxg3 31. Re6 Rhg8 32. a4 Qg1 33. Qxg1 Rxg1+ 34. Ka2 Bg5 35. Bxg5 Rxe6 36.
Be3 Reg6 37. Bxg1 Rxg1 38. Ne2 Rg2 0-1

[Event "*** Biggest EVER Titled Tuesday"]
[Site "Chess.com"]
[Date "2018.04.17"]
[Round "1"]
[White "tigra"]
[Black "timator"]
[Result "1-0"]
[WhiteElo "2678"]
[BlackElo "2355"]
[TimeControl "180+2"]
[EndTime "13:08:20 PDT"]
[Termination "tigra won by checkmate"]

1. e4 e6 2. d4 d5 3. Nc3 Nf6 4. e5 Nfd7 5. Be3 c5 6. dxc5 Bxc5 7. Bxc5 Nxc5 8. Qg4 g6 9. O-O-O Nc6 10. Nf3 h5 11. Qf4 Bd7 12. b4 Ne4 13. Nxe4 dxe4 14. Ng5 Qe7 15.
Nxe4 O-O-O 16. a3 Kb8 17. Rd6 Bc8 18. Be2 Nd4 19. Bd3 Qc7 20. Kb2 Nf5 21. Rd1 b6 22. Bb5 a6 23. Qg5 f6 24. Qd2 Nxd6 25. exd6 Rxd6 26.
Qxd6 axb5 27. Nxf6 Qxd6 28. Rxd6 Kc7 29. Rd2 Bb7 30.
Rd7+ Kc8 31. Rf7 Bxg2 32. Nd7 Bc6 33. Nxb6+ Kb8 34. a4 bxa4 35. c4 Be8 36. Re7 Rf8 37. b5 Rxf2+ 38. Ka3 Bf7 39. c5 e5 40. c6 Ra2+ 41.
Kb4 Rb2+ 42. Ka5 Rc2 43. Rb7# 1-0

[Event "*** Biggest EVER Titled Tuesday"]
[Site "Chess.com"]
[Date "2018.04.17"]
[Round "1"]
[White "chessking2151"]
[Black "Fandorine"]
[Result "0-1"]
[WhiteElo "2365"]
[BlackElo "2706"]
[TimeControl "180+2"]
[EndTime "13:08:21 PDT"]
[Termination "Fandorine won by resignation"]

1. Nf3 Nf6 2. c4 g6 3. Nc3 Bg7 4. e4 d6 5. d4 O-O 6. Be2 Na6 7. O-O e5 8. d5 Nc5 9. Nd2 a5 10. b3 Bh6 11. f3 Nh5 12. g3 f5 13. Ndb1 Bxc1 14.
Qxc1 f4 15. g4 Nf6 16. Nd2 h5 17. h3 Nh7 18. Kg2 Kg7 19. Rh1 Rh8 20. Qe1 Bd7 21. a3 Qe7 22. Qf2 hxg4 23. hxg4 Ng5 24. Rxh8 Rxh8 25.
Rh1 Qd8 26. b4 Na6 27. Na2 Rxh1 28. Kxh1 Qh8+ 29. Qh2 Qa8 30. b5 Nc5 31. Qh4 Nf7 32.
Kg2 g5 33. Qh1 Nh8 34. Nc3 Ng6 35. Kf1 Nh4 36. Ke1 a4 37. Kd1 Nb3 38. Nxb3 axb3 39. a4 Qa5 40. Kd2 Qb6 41. Qc1 Nxf3+ 42. Bxf3 Qe3+ 43.
Kd1 Qxf3+ 44. Kd2 Qe3+ 0-1

[Event "*** Biggest EVER Titled Tuesday"]
[Site "Chess.com"]
[Date "2018.04.17"]
[Round "1"]
[White "champ2005"]
[Black "Jbd735"]
[Result "1-0"]
[WhiteElo "2608"]
[BlackElo "2276"]
[TimeControl "180+2"]
[EndTime "13:08:21 PDT"]
[Termination "champ2005 won by resignation"]

1. e4 e5 2. Nf3 Nc6 3. Bc4 Bc5 4.
O-O Nf6 5. d3 d6 6. c3 a6 7. a4 h6 8. Na3 O-O 9. Nc2 Ba7 10. Be3 d5 11. exd5 Nxd5 12. Bxa7 Rxa7 13. Re1 Re8 14. h3 Ra8 15. d4 e4 16. Nd2 Bf5 17. Ne3 Nxe3 18. fxe3 Qg5 19. Kh2 Bg6 20. Qe2 Kh8 21. Rf1 f5 22. Rf4 Nd8 23. Raf1 Ne6 24.
Bxe6 Rxe6 25. Nc4 Qe7 26. Ne5 Bh7 27. g4 fxg4 28. Qxg4 Rf6 29. Rxf6 gxf6 30. Ng6+ Bxg6 31. Qxg6 Qg7 32. Rxf6 Qxg6 33. Rxg6 Rf8 34. Rxh6+ Kg7 35. Re6 Rf2+ 36. Kg1 Rxb2 37. Re7+ Kf6 38. Rxc7 Kg5 39. Kf1 Kh4 40. Rg7 Kxh3 41. Ke1 Rc2 42. Rxb7 Rxc3 43. Kd2 Rd3+ 44. Ke2 Ra3 45. Re7 Ra2+ 46. Kd1 Kg3 47. Rxe4 Kf3 48. Re6 Rxa4 49. d5 Ra2 50. d6 Ra5 51.
Kc2 Rd5 52. Kc3 a5 53. e4 Rd1 54. e5 Ke4 55. Re7 a4 56. Kb4 Rd4+ 57. Ka3 Kf5 58.
d7 Ke4 59. e6 Kd3 60. Re8 Kc3 61. d8=Q 1-0

[Event "*** Biggest EVER Titled Tuesday"]
[Site "Chess.com"]
[Date "2018.04.17"]
[Round "1"]
[White "SelfishShellfish"]
[Black "jk13"]
[Result "1-0"]
[WhiteElo "2194"]
[BlackElo "2506"]
[TimeControl "180+2"]
[EndTime "13:08:21 PDT"]
[Termination "SelfishShellfish won by resignation"]

1. e4 e5 2. Nf3 Nc6 3. Bb5 a6 4.
Ba4 Nf6 5. O-O b5 6. Bb3 Bc5 7.
c3 d6 8. d4 Bb6 9. a4 Rb8 10. axb5 axb5 11. h3 O-O 12. Re1 h6 13. Na3 Re8 14. Nxb5 exd4 15. cxd4 Rxe4 16. Rxe4 Nxe4 17.
Bd5 Qe8 18. Qc2 Nb4 19. Qxe4 Qxb5 20. Bb3 Bb7 21. Qg6 Nd5 22. Qc2 Nf6 23. Bc4 Qh5 24. Be2 Re8 25. Be3 Qd5 26. Bc4 Qe4 27. Bd3 Qe7 28. Nh4 Nd5 29. Nf5 Qf6 30. Re1 Nb4 31. Qa4 Nc6 32. d5 Ra8 33. dxc6 Rxa4 34. cxb7 Qd8 35.
Ne7+ Qxe7 36. b8=Q+ Qf8 37. Bh7+ 1-0

[Event "*** Biggest EVER Titled Tuesday"]
[Site "Chess.com"]
[Date "2018.04.17"]
[Round "1"]
[White "AkshatChandra"]
[Black "Th3ChessViking"]
[Result "1-0"]
[WhiteElo "2784"]
[BlackElo "2404"]
[TimeControl "180+2"]
[EndTime "13:08:22 PDT"]
[Termination "AkshatChandra won by resignation"]

1. d4 Nf6 2. Nf3 e6 3. Bf4 c5 4.
e3 cxd4 5. exd4 b6 6. Bd3 Bb7 7. O-O Be7 8. h3 d6 9. Re1 O-O 10. c3 a6 11. Nbd2 Nbd7 12. a4 Qc7 13. Bh2 Rfe8 14. Nc4 Qc6 15. Bf1 Bf8 16. Qb3 g6 17. Ne3 Rac8 18. Rad1 Nd5 19. Nxd5 Qxd5 20. Qxd5 exd5 21.
Bd3 Nf6 22. Nd2 Ne4 23. Nf1 Kg7 24. Ne3 Re6 25. f3 Nf6 26. Kf2 Rce8 27. Nc2 h5 28.
Bf4 Rxe1 29. Nxe1 Nd7 30. Nc2 f6 31. h4 Be7 32. Ne3 Nf8 33. g4 Ne6 34. Bg3 hxg4 35. fxg4 Kf7 36. h5 Nf8 37. Rh1 g5 38. Nf5 Bc8 39. Re1 Bxf5 40. Bxf5 Bd8 41. Bg6+ Nxg6 42. hxg6+ Kf8 43. g7+ Kf7 44. Rxe8 Kxe8 45. g8=Q+ 1-0

[Event "*** Biggest EVER Titled Tuesday"]
[Site "Chess.com"]
[Date "2018.04.17"]
[Round "1"]
[White "Rokis13"]
[Black "FairChess_on_YouTube"]
[Result "0-1"]
[WhiteElo "2430"]
[BlackElo "2890"]
[TimeControl "180+2"]
[EndTime "13:08:26 PDT"]
[Termination "FairChess_on_YouTube won by resignation"]

1. e4 c5 2. Nf3 d6 3. Bb5+ Nd7 4.
O-O a6 5. Bd3 Ngf6 6. Re1 e5 7. c3 b5 8. Bc2 Be7 9. d4 O-O 10. a4 Bb7 11. Bg5 Qc7 12. Nbd2 h6 13. Bh4 Rfc8 14. d5 c4 15. Nf1 Nf8 16. Ne3 Ng6 17.
Nf5 Nxh4 18. N3xh4 Bf8 19. Qd2 Qd8 20. Re3 g6 21.
Rg3 Kh7 22. Ne3 Nh5 23. Rf3 Nf4 24. g3 Nh3+ 25. Kg2 Ng5 26. a5 Rc7 27. Ng4 Nxf3 28.
Nxf3 Bc8 29. Ne3 h5 30. h4 Bh6 31. Qe2 Rb8 32. Rh1 Kg8 33. Ng5 Bxg5 34. hxg5 Qxg5 35. Kf1 Bd7 36. g4 Bxg4 37. Nxg4 Qxg4 38. Qe3 b4 39. Rg1 Qf4 40. Qe2 bxc3 41. bxc3 Rb2 42. Rg3 h4 43.
Rg4 Rxc2 0-1

[Event "*** Biggest EVER Titled Tuesday"]
[Site "Chess.com"]
[Date "2018.04.17"]
[Round "1"]
[White "milovanratkovic"]
[Black "omer1997"]
[Result "1-0"]
[WhiteElo "2466"]
[BlackElo "2063"]
[TimeControl "180+2"]
[EndTime "13:08:29 PDT"]
[Termination "milovanratkovic won by resignation"]

1. d4 d5 2. c4 c6 3. Nc3 Nf6 4. e3 g6 5. Nf3 Bg7 6. Bd3 O-O 7. O-O Bg4 8. h3 Bxf3 9. Qxf3 Qd6 10. b3 Nbd7 11.
Bb2 e5 12. cxd5 cxd5 13. Qd1 a6 14. dxe5 Nxe5 15. Be2 Nc6 16. Na4 Rad8 17. Bf3 b5 18. Nc3 d4 19. Ne2 dxe3 20. fxe3 Nd5 21. Bxg7 Kxg7 22.
Rc1 Ne5 23. Qd4 Nb4 24. a3 Nd3 25. Rcd1 Qxa3 26. Qh4 Qc5 27. Nd4 Nxf3+ 28. Rxf3 Ne5 29. Rff1 Qb6 30. Kh1 Rde8 31. Qg5 Kg8 32. Qh6 f5 33. Nxf5 Rxf5 34. Rxf5 gxf5 35. Qxb6 Nf7 36. Qxa6 Rxe3 37. Qxb5 Re5 38. Qb8+ Kg7 39. Rd7 1-0

[Event "*** Biggest EVER Titled Tuesday"]
[Site "Chess.com"]
[Date "2018.04.17"]
[Round "1"]
[White "ShimanovAlex"]
[Black "fyall777"]
[Result "1-0"]
[WhiteElo "2702"]
[BlackElo "2362"]
[TimeControl "180+2"]
[EndTime "13:08:30 PDT"]
[Termination "ShimanovAlex won by checkmate"]

1. d4 d6 2. Nf3 Nf6 3. c4 Bg4 4. Nc3 Nbd7 5. g3 Bxf3 6. exf3 e6 7. Bg2 d5 8. f4 c6 9. b3 Bb4 10. Bd2 O-O 11. O-O Qa5 12. Qc2 Qa6 13.
a3 Be7 14. c5 b6 15. b4 bxc5 16. bxc5 Rab8 17. Rfb1 Rxb1+ 18. Rxb1 Rb8 19. Bf1 Qc8 20. Rb4 Ne8 21. Qa4 Qc7 22. Na2 g6 23. Ba6 Bf6 24. Be3 Ng7 25. g4 h5 26. h3 hxg4 27. hxg4 Be7 28. Nc1 f5 29. g5 Nh5 30. Nd3 Kf7 31.
Kg2 Kg7 32. Kf3 Kf7 33. Qb3 Ke8 34. Rb7 Rxb7 35. Qxb7 Bd8 36. Nb4 Nb8 37. Qa8 Kd7 38. Bb7 a5 39. Nd3 Bxg5 40. Ne5+ Ke7 41. fxg5 Nd7 42. Bxc6 Nxe5+ 43. dxe5 Qxe5 44. Qe8# 1-0

[Event "*** Biggest EVER Titled Tuesday"]
[Site "Chess.com"]
[Date "2018.04.17"]
[Round "1"]
[White "Annawel"]
[Black "VeraNebolsina"]
[Result "1-0"]
[WhiteElo "2872"]
[BlackElo "2424"]
[TimeControl "180+2"]
[EndTime "13:08:33 PDT"]
[Termination "Annawel won by resignation"]

1. Nf3 Nf6 2. b3 g6 3. Bb2 Bg7 4. g3 O-O 5. Bg2 d6 6. d4 e5 7.
dxe5 Ng4 8. c4 Nd7 9. O-O dxe5 10. h3 Nh6 11. e4 Qe7 12. Ba3 c5 13. Nc3 Rd8 14.
Nd5 Qd6 15. Qd2 Nf8 16. Rad1 Bd7 17. b4 Qa6 18. Qc3 Ne6 19. bxc5 Rac8 20. Ne7+ Kh8 21. Nxc8 Bxc8 22. Rxd8+ Nxd8 23. Rd1 Nc6 24. Rd6 Qa4 25.
Qb3 Qa5 26. Bb2 Qxc5 27. Qd3 f6 28. Ba3 Qa5 29. Rd5 Qa4 30. Qb3 Qa6 31. Bf1 Be6 32. c5 Qa5 33. Bc1 Ng8 34. Qxb7 Bxd5 35. exd5 Nd4 36.
Nxd4 exd4 37. c6 Qxd5 38. Qd7 Qc5 39. c7 Ne7 40. Qd8+ 1-0